 Dungeon Crawl Stone Soup version 0.32-a0-953-g508020473e (webtiles) character file.

Game seed: 10535474410801264991

160 Ahpoh the Trooper (level 5, -4/43 HPs)
             Began as a Barachi Fighter on Apr 15, 2024.
             Splashed by a jelly's acid (10 damage)
             ... on level 4 of the Dungeon on Apr 16, 2024.
             The game lasted 00:05:58 (2447 turns).

Ahpoh the Trooper (Barachi Fighter)                 Turns: 2447, Time: 00:06:01

Health: -4/43      AC: -8    Str: 17    XL:     5   Next: 41%
Magic:  0/5        EV:  8    Int:  9    God:
Gold:   99         SH:  4    Dex: 13    Spells: 4/4 levels left

rFire   . . .        a - +0 long sword
rCold   . . .        c - +0 buckler
rNeg    . . .        b - +0 scale mail
rPois   .            (no helmet)
rElec   .            (no cloak)
rCorr   .            (no gloves)
SInv    .            (no boots)
Will    .....        e - amulet of guardian spirit Stlth
                     o - +4 ring of slaying
HPRegen 0.27/turn    (no ring)
MPRegen 0.09/turn

%: guardian spirit
@: corroded, slow
A: amphibious, slowness 1, strong legs 1, +LOS
a: Hop


You were on level 4 of the Dungeon.
You visited 1 branch of the dungeon, and saw 4 of its levels.

You collected 110 gold pieces.
You spent 11 gold pieces at shops.

Inventory:

Hand Weapons
 a - a +0 long sword (weapon)
Armour
 b - a +0 scale mail (worn)
 c - a +0 buckler (worn)
Jewellery
 e - an amulet of guardian spirit (around neck)
 o - a +4 ring of slaying (left hand)
Scrolls
 g - a scroll of amnesia {unknown}
 h - a scroll of summoning {unknown}
 i - a scroll of fog
 k - a scroll of fear {unknown}
 l - 2 scrolls of identify {unknown}
 m - 2 scrolls of teleportation {unknown}
 p - a scroll of poison {unknown}
Potions
 d - a potion of might
 f - 2 potions of enlightenment {unknown}
 j - 2 potions of heal wounds {unknown}
 n - a potion of attraction {unknown}
 q - a potion of lignification {unknown}


   Skills:
 * Level 4.6 Fighting
 * Level 4.3 Long Blades
 * Level 4.3 Armour
 * Level 1.5 Dodging
 * Level 3.9 Shields


You had 4 spell levels left.
You didn't know any spells.
Your spell library contained the following spells:

 Spells                   Type           Power      Damage    Failure   Level
 Shock                    Conj/Air       0%         1d3       86%         1
 Swiftness                Air            0%         N/A       99%         3
 Tukima's Dance           Hex            0%         N/A       99%         3
 Airstrike                Air            0%         2d(0-16)  100%        4
 Dimensional Bullseye     Hex/Tloc       0%         N/A       100%        4
 Iskenderun's Mystic Bla Conj/Tloc 0%             2d3        (+2d1     100%        4


Dungeon Overview and Level Annotations

Branches:
Dungeon (4/15)
 Temple: D:4-7

Altars:

Shops:
D:2 !

Annotations:
D:3 2 transporters


Innate Abilities, Weirdness & Mutations

You are amphibious.
You cover ground slowly.
You can hop short distances.
You have an extended range of vision and can be seen from far away.


Message History

The burning spray hits you.
You are covered in liquid fire!
The liquid fire burns you!
You shake off some of the fire as you move.
You climb upwards.
Level annotation: 2 transporters The liquid fire burns you!
There is a stone staircase leading down here.
You shake off some of the fire as you move.
The liquid fire burns you!
You shake off the liquid fire.
You start resting.
Magic restored.
There is an escape hatch in the floor here.
There is a stone staircase leading down here.
You climb downwards.
The jelly quivers.
Found a curved glowing staff, 8 stones, a pearl ring and 10 gold pieces.
Found a stone staircase leading down.
There is a stone staircase leading up here.
You slash the jelly! The acid corrodes you!
Your hands burn!
The jelly is severely wounded.
The jelly hits you.
You are splashed with acid.
The jelly barely misses you.
You hit the jelly but do no damage. The acid corrodes you!
Your hands burn!
The jelly is severely wounded.
The jelly closely misses you.
You hit the jelly.
Your hands burn!
The jelly is almost dead.
The jelly barely misses you.
You hit the jelly.
Your hands burn!
The jelly is almost dead.
The jelly hits you. The acid corrodes you!
You are splashed with acid.
You hit the jelly but do no damage.
Your hands burn!
The jelly is almost dead.
The jelly hits you. The acid corrodes you!
You are splashed with acid!
* * * LOW HITPOINT WARNING * * *
The jelly hits you.
* * * LOW HITPOINT WARNING * * *
You are splashed with acid!
You die...

###### ###
###.....
.=#
.......J#.#
#....>@|#
#(......#
.....#....#
.##....##.#
...# ##
....# ...##
..# $.


You could see a jelly.

Vanquished Creatures
  An orc priest (D:2)
  Jessica (D:2)
  3 adders (D:3)
  A dart slug (D:3)
  2 ribbon worms (D:3)
  10 orcs
  4 endoplasms
  3 giant cockroaches
  2 goblins
  3 hobgoblins
  9 jackals
  A kobold (D:3)
  3 quokkas
  4 ball pythons
  5 bats
  4 frilled lizards
  2 rats
58 creatures vanquished.

Notes
Turn   | Place    | Note
-------+----------+-------------------------------------------
     0 | D:1      | Ahpoh the Barachi Fighter began the quest for the Orb.
     0 | D:1      | Reached XP level 1. HP: 18/18 MP: 1/1
   284 | D:1      | Reached XP level 2. HP: 25/25 MP: 2/2
   433 | D:1      | Upgraded the game from 0.32-a0-938-g40ac7a0f4d to
                  | 0.32-a0-953-g508020473e
   681 | D:2      | Reached XP level 3. HP: 11/30 MP: 1/3
   773 | D:2      | Noticed Jessica
   805 | D:2      | Killed Jessica
   937 | D:2      | Reached skill level 1 in Dodging
  1100 | D:2      | Reached XP level 4. HP: 38/38 MP: 4/4
  1213 | D:2      | Found Sezaveq's Distillery.
  1228 | D:2      | Bought a potion of degeneration for 11 gold pieces
  1749 | D:3      | Reached XP level 5. HP: 43/43 MP: 5/5
  1778 | D:3      | Found a transporter.
  1786 | D:3      | Found a transporter.
  2447 | D:4      | Splashed by a jelly's acid

Illustrated notes

Levels and vault maps discovered:
D:1:      dpeg_chamrin_arrival_tetris, layout_basic, chequers_big_river
D:2:      layout_loops_ring, serial_shops, shop, uniq_crazy_yiuf_cottage,
          uniq_jessica
D:3:      gammafunk_steamed_eel, layout_loops_ring
D:4:      layout_rooms, tgw_trog, vehumet_statue, uniq_pikel, uniq_robin

Skill      XL: |  1  2  3  4  5 |
---------------+----------------+-----
Fighting       | 4 |  4.6
Long Blades    | 3 4 |  4.3
Armour         | 4 |  4.3
Dodging        | 1 |  1.5
Shields        | |  3.9

Action                     |  1- 3 |  4- 6 || total
---------------------------+-------+-------++-------
  Melee: Long sword        |    96 |   100 ||   196
    Use: Scroll            |     1 |       ||     1
 Armour: Scale mail        |   145 |    76 ||   221
  Dodge: Dodged            |    73 |    48 ||   121
  Block: Buckler           |    39 |    25 ||    64

Table legend: (Time is in decaauts)
 A = Elapsed time spent in this place.
 B = Non-inter-level travel time spent in this place.
 C = Inter-level travel time spent in this place.
 D = Time resting spent in this place.
 E = Time spent auto-exploring this place.
 F = Levels seen in this place.
 G = Mean time per level.
                   A        B        C        D        E       F      G
               +--------+--------+--------+--------+--------+-----+--------+
         Total |   2890 |   2869 |     21 |     73 |   2052 |   4 |  722.5 |
       Dungeon |   2890 |   2869 |     21 |     73 |   2052 |   4 |  722.5 |
               +--------+--------+--------+--------+--------+-----+--------+

Top non-repeatable levels by time:
     D:2: 1117 daAuts
     D:3: 992 daAuts
     D:1: 769 daAuts
     D:4: 11 daAuts
